NWL (28 & UNDER)
BALZAC RAMS @ BISMARCK BARONS
06/29/2026
 
TOP OF THE 1ST
Balzac Rams batting - Pitching for Bismarck Barons : RHP Francisco Anaya
Pitching: RHP Francisco Anaya
Batting: RHB Ron Glass 0-0: Ground out 6-3 (Groundball, 6M)
Batting: RHB Shaun Puckett 0-0: Foul Ball, location: 2F
0-1: Called Strike
0-2: Strikes out swinging
Batting: LHB José Román 0-0: Foul Ball, location: 2F
0-1: Called Strike
0-2: SOLO HOME RUN (Line Drive, 9LD), Distance : 323 ft
Batting: LHB John Horton 0-0: Swinging Strike
0-1: Foul Ball, location: 2F
0-2: Foul Ball, location: 2F
0-2: Strikes out swinging
Top of the 1st over - 1 run(s), 1 hit(s), 0 error(s), 0 left on base; Balzac 1 - Bismarck 0
BOTTOM OF THE 1ST
Bismarck Barons batting - Pitching for Balzac Rams : RHP David Elías
Pitching: RHP David Elías
Batting: LHB John Frost 0-0: Ball
1-0: Swinging Strike
1-1: Foul Ball, location: 2F
1-2: Ball
2-2: Ball
3-2: SINGLE (Line Drive, 89S)
Batting: RHB Norm Francis 0-0: Ball
John Frost steals 2nd base
1-0: Foul Ball, location: 2F
1-1: Ball
2-1: Ball
3-1: Swinging Strike
3-2: Fly out, F9 (Flyball, 9M)
Batting: RHB Roberto García 0-0: Foul Ball, location: 2F
0-1: Foul Ball, location: 2F
0-2: Foul Ball, location: 2F
0-2: Ball
1-2: Ball
2-2: Foul Ball, location: 2F
2-2: Foul Ball, location: 2F
2-2: DOUBLE (Line Drive, 8RD)
John Frost scores
Batting: SHB Jeff Chambers 0-0: Called Strike
0-1: Foul Ball, location: 2F
0-2: Ball
1-2: Ball
2-2: Ball
3-2: Strikes out swinging
Batting: RHB Herb Bunch 0-0: Ball
1-0: Swinging Strike
1-1: Ground out 4-3 (Groundball, 4M)
Bottom of the 1st over - 1 run(s), 2 hit(s), 0 error(s), 1 left on base; Balzac 1 - Bismarck 1
TOP OF THE 2ND
Balzac Rams batting - Pitching for Bismarck Barons : RHP Francisco Anaya
Batting: RHB Jeremy Flemming 0-0: Hit by Pitch
Batting: RHB Manuel Pérez 0-0: Ball
1-0: Grounds into double play, 4-6-3 (Groundball, 4)
Batting: RHB Luis Suárez 0-0: Ball
1-0: Called Strike
1-1: Fly out, F4 (Line Drive, 4)
Top of the 2nd over - 0 run(s), 0 hit(s), 0 error(s), 0 left on base; Balzac 1 - Bismarck 1
BOTTOM OF THE 2ND
Bismarck Barons batting - Pitching for Balzac Rams : RHP David Elías
Batting: RHB Pancho Torres 0-0: Called Strike
0-1: Ball
1-1: Called Strike
1-2: Foul Ball, location: 2F
1-2: Ball
2-2: Strikes out swinging
Batting: RHB David Canseco 0-0: Ball
1-0: Swinging Strike
1-1: Called Strike
1-2: Ground out 6-3 (Groundball, 6)
Batting: RHB Michael Thomas 0-0: Foul Ball, location: 2F
0-1: Swinging Strike
0-2: Ball
1-2: SINGLE (Line Drive, 7S)
Batting: LHB Jorge Fernández 0-0: Called Strike
0-1: Ball
1-1: Ground out 3-1 (Groundball, 34S)
Bottom of the 2nd over - 0 run(s), 1 hit(s), 0 error(s), 1 left on base; Balzac 1 - Bismarck 1
TOP OF THE 3RD
Balzac Rams batting - Pitching for Bismarck Barons : RHP Francisco Anaya
Batting: RHB Enrico Ramos 0-0: Called Strike
0-1: Foul Ball, location: 2F
0-2: Ball
1-2: Hit by Pitch
Batting: LHB Carlos Barrios 0-0: Ball
1-0: Called Strike
1-1: SINGLE (Groundball, 4MD) (infield hit)
Enrico Ramos to second
Batting: RHB Ron Glass 0-0: Called Strike
0-1: Ball
1-1: Ball
2-1: Ball
3-1: SINGLE (Line Drive, 9LS)
Enrico Ramos to third
Carlos Barrios to second
Runner from 3rd tries for Home, SAFE, throw made home
Carlos Barrios to third
Ron Glass to second
Batting: RHB Shaun Puckett 0-0: Swinging Strike
0-1: Ball
1-1: Foul Ball, location: 2F
1-2: Strikes out swinging
Batting: LHB José Román 0-0: Swinging Strike
0-1: Called Strike
0-2: Strikes out swinging
Batting: LHB John Horton 0-0: Hit by Pitch
Batting: RHB Jeremy Flemming 0-0: Ball
1-0: Ball
2-0: Foul Ball, location: 2F
2-1: Ball
3-1: Called Strike
3-2: Foul Ball, location: 2F
3-2: Foul Ball, location: 2F
3-2: Base on Balls
Carlos Barrios scores
Ron Glass to third
John Horton to second
Batting: RHB Manuel Pérez 0-0: Ball
1-0: Called Strike
1-1: Swinging Strike
1-2: Ball
2-2: Fly out, F9 (Flyball, 9M)
Top of the 3rd over - 2 run(s), 2 hit(s), 0 error(s), 3 left on base; Balzac 3 - Bismarck 1
BOTTOM OF THE 3RD
Bismarck Barons batting - Pitching for Balzac Rams : RHP David Elías
Batting: LHB John Frost 0-0: Called Strike
0-1: Swinging Strike
0-2: Ball
1-2: Foul Ball, location: 2F
1-2: Ball
2-2: Ball
3-2: Base on Balls
Batting: RHB Norm Francis 0-0: Ball
1-0: Called Strike
1-1: Ball
2-1: Fly out, F8 (Flyball, 78XD)
Runner from 1st tags up, SAFE at 2nd
Batting: RHB Roberto García 0-0: Foul Ball, location: 2F
0-1: Called Strike
0-2: Ball
1-2: Ball
2-2: Ball
3-2: Ground out 4-3 (Groundball, 4)
John Frost to third
Batting: SHB Jeff Chambers 0-0: SINGLE (Line Drive, 78S)
John Frost scores
Batting: RHB Herb Bunch 0-0: Called Strike
0-1: Ball
1-1: Swinging Strike
1-2: Ball
2-2: Strikes out swinging
Bottom of the 3rd over - 1 run(s), 1 hit(s), 0 error(s), 1 left on base; Balzac 3 - Bismarck 2
TOP OF THE 4TH
Balzac Rams batting - Pitching for Bismarck Barons : RHP Francisco Anaya
Batting: RHB Luis Suárez 0-0: SOLO HOME RUN (Flyball, 8RXD), Distance : 415 ft
Batting: RHB Enrico Ramos 0-0: Ball
1-0: SINGLE (Line Drive, 9S)
Batting: LHB Carlos Barrios 0-0: Ball
1-0: Ball
2-0: Reached on error, E1 (Groundball, 13S)
Enrico Ramos to second
Batting: RHB Ron Glass 0-0: Grounds into double play, 6-4-3 (Groundball, 6)
Enrico Ramos to third
Batting: RHB Shaun Puckett 0-0: Ball
1-0: Called Strike
1-1: Ball
2-1: 2-RUN HOME RUN (Flyball, 7D), Distance : 370 ft
Batting: LHB José Román 0-0: Called Strike
0-1: Swinging Strike
0-2: SOLO HOME RUN (Flyball, 89XD), Distance : 368 ft
Batting: LHB John Horton 0-0: Ground out 1-3 (Groundball, 15)
Top of the 4th over - 4 run(s), 4 hit(s), 1 error(s), 0 left on base; Balzac 7 - Bismarck 2
BOTTOM OF THE 4TH
Bismarck Barons batting - Pitching for Balzac Rams : RHP David Elías
Batting: RHB Pancho Torres 0-0: Fly out, F9 (Flyball, 9M)
Batting: RHB David Canseco 0-0: SINGLE (Groundball, 56D)
Batting: RHB Michael Thomas 0-0: Called Strike
0-1: Fly out, F4 (Popup, 4D)
Batting: LHB Jorge Fernández 0-0: Foul Ball, location: 2F
0-1: Ball
1-1: SINGLE (Groundball, 6M)
David Canseco to second
Runner from 2nd tries for 3rd, SAFE, throw made to third
Jorge Fernández to second
Batting: LHB John Frost 0-0: Called Strike
0-1: Swinging Strike
0-2: Ground out U3 (Groundball, 3)
Bottom of the 4th over - 0 run(s), 2 hit(s), 0 error(s), 2 left on base; Balzac 7 - Bismarck 2
TOP OF THE 5TH
Balzac Rams batting - Pitching for Bismarck Barons : RHP Francisco Anaya
Batting: RHB Jeremy Flemming 0-0: Ball
1-0: SINGLE (Line Drive, 6M)
Batting: RHB Manuel Pérez 0-0: Ball
1-0: Ball
Jeremy Flemming steals 2nd base
2-0: SINGLE (Groundball, 56D)
Jeremy Flemming to third
Batting: RHB Luis Suárez 0-0: Called Strike
0-1: Ball
1-1: Ball
2-1: Called Strike
2-2: Hit by Pitch
Manuel Pérez to second
Batting: RHB Enrico Ramos 0-0: Foul Ball, location: 2F
0-1: Ball
1-1: Ball
2-1: Swinging Strike
2-2: Ball
3-2: Base on Balls
Jeremy Flemming scores
Manuel Pérez to third
Luis Suárez to second
Pitching: RHP Felix Carrado
Batting: LHB Carlos Barrios 0-0: Called Strike
0-1: Fly out, F8 (Flyball, 8RM)
Runner from 3rd tags up, SCORES, no throw
Batting: RHB Ron Glass 0-0: Foul Ball, location: 2F
0-1: Called Strike
0-2: Ball
1-2: Foul Ball, location: 2F
1-2: Fly out, F8 (Flyball, 8LD)
Runner from 2nd tags up, SAFE at 3rd, no throw
Batting: RHB Shaun Puckett 0-0: Called Strike
0-1: Ball
1-1: Foul Ball, location: 2F
1-2: 3-RUN HOME RUN (Line Drive, 7D), Distance : 375 ft
Batting: LHB José Román 0-0: Ball
1-0: Ball
2-0: Ball
3-0: Base on Balls
Batting: LHB John Horton 0-0: Swinging Strike
0-1: Foul Ball, location: 2F
0-2: Ball
1-2: Ball
2-2: Ball
3-2: Foul Ball, location: 2F
3-2: Hit by Pitch
José Román to second
Batting: RHB Jeremy Flemming 0-0: SINGLE (Groundball, 4MD)
José Román to third
John Horton to second
Runner from 3rd tries for Home, SAFE, throw made home
Batting: RHB Manuel Pérez 0-0: Foul Ball, location: 2F
0-1: Ball
1-1: Ball
2-1: Ball
3-1: Called Strike
3-2: Base on Balls
John Horton to third
Jeremy Flemming to second
Batting: RHB Luis Suárez 0-0: Ball
1-0: Foul Ball, location: 2F
1-1: Swinging Strike
1-2: Foul Ball, location: 2F
1-2: Fly out, F3 (Popup, 23F)
Top of the 5th over - 6 run(s), 4 hit(s), 0 error(s), 3 left on base; Balzac 13 - Bismarck 2
BOTTOM OF THE 5TH
Bismarck Barons batting - Pitching for Balzac Rams : RHP David Elías
Batting: RHB Norm Francis 0-0: Called Strike
0-1: Ball
1-1: Ground out 6-3 (Groundball, 6)
Batting: RHB Roberto García 0-0: Called Strike
0-1: Ground out 5-3 (Groundball, 5L)
Batting: SHB Jeff Chambers 0-0: Ball
1-0: Ball
2-0: Called Strike
2-1: Swinging Strike
2-2: Ball
3-2: Base on Balls
Batting: RHB Herb Bunch 0-0: Ball
Jeff Chambers steals 2nd base
1-0: Foul Ball, location: 2F
1-1: Ground out 5-3 (Groundball, 5)
Bottom of the 5th over - 0 run(s), 0 hit(s), 0 error(s), 1 left on base; Balzac 13 - Bismarck 2
TOP OF THE 6TH
Balzac Rams batting - Pitching for Bismarck Barons : RHP Felix Carrado
Batting: RHB Enrico Ramos 0-0: Ball
1-0: Ground out 5-3 (Groundball, 56)
Batting: LHB Carlos Barrios 0-0: Called Strike
0-1: Foul Ball, location: 2F
0-2: Ground out 6-3 (Groundball, 6)
Batting: RHB Ron Glass 0-0: Foul Ball, location: 2F
0-1: Called Strike
0-2: Ball
1-2: Ball
2-2: Ball
3-2: SINGLE (Line Drive, 89S)
Batting: RHB Shaun Puckett 0-0: Ball
1-0: Ball
2-0: SINGLE (Line Drive, 89M)
Ron Glass to second
Batting: LHB José Román 0-0: Ball
1-0: Ball
2-0: Foul Ball, location: 2F
2-1: Ball
3-1: Base on Balls
Ron Glass to third
Shaun Puckett to second
Batting: LHB John Horton 0-0: Ball
1-0: Swinging Strike
1-1: Fly out, F7 (Flyball, 7LSF)
Top of the 6th over - 0 run(s), 2 hit(s), 0 error(s), 3 left on base; Balzac 13 - Bismarck 2
BOTTOM OF THE 6TH
Bismarck Barons batting - Pitching for Balzac Rams : RHP David Elías
Pitching: RHP Steve Deal
Batting: RHB Pancho Torres 0-0: Foul Ball, location: 2F
0-1: Fly out, F8 (Flyball, 8RS)
Batting: RHB David Canseco 0-0: Called Strike
0-1: Ball
1-1: Ball
2-1: Ball
3-1: Base on Balls
Batting: RHB Michael Thomas 0-0: Ball
1-0: Ball
Pickoff Throw to First - Out!
2-0: Foul Ball, location: 2F
2-1: Foul Ball, location: 2F
2-2: Ground out 6-3 (Groundball, 6)
Bottom of the 6th over - 0 run(s), 0 hit(s), 0 error(s), 0 left on base; Balzac 13 - Bismarck 2
TOP OF THE 7TH
Balzac Rams batting - Pitching for Bismarck Barons : RHP Felix Carrado
Pitching: LHP Francisco Rodríguez
Batting: RHB Jeremy Flemming 0-0: Called Strike
0-1: Ball
1-1: Ball
2-1: Foul Ball, location: 2F
2-2: Foul Ball, location: 2F
2-2: Ball
3-2: Foul Ball, location: 2F
3-2: Fly out, F6 (Line Drive, 6)
Batting: RHB Manuel Pérez 0-0: Ball
1-0: Swinging Strike
1-1: Foul Ball, location: 2F
1-2: Ball
2-2: Strikes out swinging
Batting: RHB Luis Suárez 0-0: Ball
1-0: Called Strike
1-1: Called Strike
1-2: Strikes out looking
Top of the 7th over - 0 run(s), 0 hit(s), 0 error(s), 0 left on base; Balzac 13 - Bismarck 2
BOTTOM OF THE 7TH
Bismarck Barons batting - Pitching for Balzac Rams : RHP Steve Deal
Batting: LHB Jorge Fernández 0-0: Ball
1-0: Called Strike
1-1: Ball
2-1: Fly out, F6 (Popup, 6MS)
Batting: LHB John Frost 0-0: Called Strike
0-1: Foul Ball, location: 2F
0-2: Strikes out swinging
Batting: RHB Norm Francis 0-0: Called Strike
0-1: Swinging Strike
0-2: Ball
1-2: Ball
2-2: Ball
3-2: Base on Balls
Batting: RHB Roberto García 0-0: Called Strike
0-1: 2-RUN HOME RUN (Line Drive, 78XD), Distance : 382 ft
Batting: SHB Jeff Chambers 0-0: Ground out 4-3 (Groundball, 34D)
Bottom of the 7th over - 2 run(s), 1 hit(s), 0 error(s), 0 left on base; Balzac 13 - Bismarck 4
TOP OF THE 8TH
Balzac Rams batting - Pitching for Bismarck Barons : LHP Francisco Rodríguez
Batting: RHB Enrico Ramos 0-0: Ball
1-0: Called Strike
1-1: Ball
2-1: Swinging Strike
2-2: Ground out 6-3 (Groundball, 6)
Batting: LHB Carlos Barrios 0-0: Ball
1-0: Foul Ball, location: 2F
1-1: Foul Ball, location: 2F
1-2: Ball
2-2: Ground out 3-1 (Groundball, 34)
Batting: RHB Ron Glass 0-0: Ball
1-0: Ball
2-0: Fly out, F8 (Line Drive, 8LD)
Top of the 8th over - 0 run(s), 0 hit(s), 0 error(s), 0 left on base; Balzac 13 - Bismarck 4
BOTTOM OF THE 8TH
Bismarck Barons batting - Pitching for Balzac Rams : RHP Steve Deal
Pitching: RHP John Harris
Now at 3B: Jeff Stevenson
Batting: RHB Herb Bunch 0-0: Ball
1-0: Ball
2-0: Ball
3-0: Base on Balls
Batting: RHB Pancho Torres 0-0: Ball
1-0: Called Strike
1-1: Ball
2-1: Ball
3-1: Fly out, F7 (Flyball, 78M)
Batting: RHB David Canseco 0-0: Called Strike
0-1: Ball
1-1: Foul Ball, location: 2F
1-2: Fly out, F3 (Popup, 3DF)
Batting: RHB Michael Thomas 0-0: Called Strike
0-1: Ball
1-1: Fly out, F9 (Flyball, 9D)
Bottom of the 8th over - 0 run(s), 0 hit(s), 0 error(s), 1 left on base; Balzac 13 - Bismarck 4
TOP OF THE 9TH
Balzac Rams batting - Pitching for Bismarck Barons : LHP Francisco Rodríguez
Batting: RHB Shaun Puckett 0-0: Ball
1-0: Foul Ball, location: 2F
1-1: Called Strike
1-2: Foul Ball, location: 2F
1-2: Ball
2-2: Ball
3-2: Foul Ball, location: 2F
3-2: Base on Balls
Batting: LHB José Román 0-0: Ball
1-0: Foul Ball, location: 2F
1-1: Foul Ball, location: 2F
1-2: Ball
2-2: Ball
3-2: Grounds into double play, 4-6-3 (Groundball, 4)
Batting: LHB John Horton 0-0: Ball
1-0: Ground out 6-3 (Groundball, 6M)
Top of the 9th over - 0 run(s), 0 hit(s), 0 error(s), 0 left on base; Balzac 13 - Bismarck 4
BOTTOM OF THE 9TH
Bismarck Barons batting - Pitching for Balzac Rams : RHP John Harris
Batting: LHB Jorge Fernández 0-0: Called Strike
0-1: Swinging Strike
0-2: Fly out, F6 (Popup, 56)
Batting: LHB John Frost 0-0: Called Strike
0-1: Foul Ball, location: 2F
0-2: Foul Ball, location: 2F
0-2: Foul Ball, location: 2F
0-2: Ball
1-2: Ball
2-2: Strikes out swinging
Batting: RHB Norm Francis 0-0: Called Strike
0-1: Ball
1-1: Ball
2-1: Ground out 5-3 (Groundball, 6)
Bottom of the 9th over - 0 run(s), 0 hit(s), 0 error(s), 0 left on base; Balzac 13 - Bismarck 4
Monday, December 5th, 2016 - OOTP Baseball 17.12 Build 75